 Dungeon Crawl Stone Soup version 0.28-a0-1002-gf00fe891ef (webtiles) character file.

Game seed: 10331021749944672161

2344 Armakuni the Cruncher (level 9, -5/67 HPs)
             Began as a Human Gladiator on Dec 6, 2021.
             Was an Initiate of Vehumet.
             Slain by a cyan ugly thing (14 damage)
             ... on level 7 of the Dungeon.
             The game lasted 00:16:40 (9175 turns).

Armakuni the Cruncher (Human Gladiator)             Turns: 9175, Time: 00:16:41

Health: -5/67      AC: 12    Str: 16    XL:     9   Next: 70%
Magic:  0/9        EV: 10    Int:  9    God:    Vehumet [......]
Gold:   316        SH:  0    Dex: 15    Spells: 8/8 levels left

rFire   + + .      SeeInvis .   a - +3 quarterstaff (chaos)
rCold   . . .      Faith    .   (shield currently unavailable)
rNeg    . . .      Spirit   +   n - +0 scale mail
rPois   +          Reflect  .   q - +0 helmet
rElec   .          Harm     .   r - +1 cloak {rPois}
rCorr   .          Rampage  .   h - +1 pair of gloves
Will    .....      Clarity  +   j - +0 pair of boots
Stlth   ..........              G - amulet of guardian spirit
HPRegen 0.21/turn               F - ring of protection from fire
MPRegen 0.11/turn               f - ring of protection from fire

@: no status effects
A: clarity, dopey 1, frail 1, wild magic 1
a: Renounce Religion


You were on level 7 of the Dungeon.
You worshipped Vehumet.
Vehumet was noncommittal.
You visited 2 branches of the dungeon, and saw 8 of its levels.

You collected 316 gold pieces.

Inventory:

Hand Weapons
 a - a +3 quarterstaff of chaos (weapon)
 k - a +2 dagger of venom
 p - a +0 quarterstaff of flaming
Armour
 h - a +1 pair of gloves (worn)
 j - a +0 pair of boots (worn)
 n - a +0 scale mail (worn)
 q - a +0 helmet (worn)
 r - a +1 cloak of poison resistance (worn)
Magical Staves
 b - a staff of conjuration
 u - a staff of poison
Jewellery
 f - a ring of protection from fire (right hand)
 F - a ring of protection from fire (left hand)
 G - an amulet of guardian spirit (around neck)
 U - an amulet of faith
Wands
 c - a wand of charming (17)
 m - a wand of mindburst (5)
 s - a wand of digging (3)
Scrolls
 l - 7 scrolls of identify
 o - 2 scrolls of torment
 t - a scroll of teleportation
Potions
 d - a potion of curing
 e - a potion of attraction
 g - a potion of cancellation
 i - a potion of magic


   Skills:
 - Level 8.4 Fighting
 - Level 8.7 Staves
 - Level 2.0 Throwing
 - Level 3.0 Dodging
 + Level 2.9 Conjurations
 + Level 2.9 Evocations


You had 8 spell levels left.
You didn't know any spells.
Your spell library contained the following spells:

 Spells                   Type           Power      Damage    Failure   Level
 Apportation              Tloc           0%         N/A       88%         1
 Beastly Appendage        Tmut           0%         N/A       88%         1
 Freeze                   Ice            0%         1d3       88%         1
 Slow                     Hex            0%         N/A       88%         1
 Passwall                 Tmut/Erth      0%         N/A       96%         2
 Wereblood                Tmut           0%         N/A       96%         2
 Confusing Touch          Hex            0%         N/A       99%         3
 Frozen Ramparts          Ice            0%         1d2       99%         3
 Spider Form              Tmut/Pois      0%         N/A       99%         3
 Swiftness                Air            0%         N/A       99%         3
 Vampiric Draining        Necr           0%         2d6       99%         3
 Hailstorm                Conj/Ice       3%         3d3       100%        4
 Alistair's Intoxication  Tmut/Pois      0%         N/A       100%        5


Dungeon Overview and Level Annotations

Branches:
Dungeon (7/15)             Temple (1/1) D:7

Altars:
Cheibriados
Dithmenos
Elyvilon
Fedhas
Gozag
Hepliaklqana
Kikubaaqudgha
Makhleb
Nemelex Xobeh
Okawaru
Qazlal
Ru
Sif Muna
Trog
Uskayaw
Vehumet
Wu Jian
Xom
The Shining One

Annotations:
D:4 Pikel


Innate Abilities, Weirdness & Mutations

You possess an exceptional clarity of mind.
You are dopey. (Int -2)
You are frail. (-10% HP)
Your spells are a little harder to cast, but a little more powerful.


Message History

The cyan ugly thing's mind is blasted!!
Aiming: Mindburst
Press: ? - help, Shift-Dir - straight line, f/p - cyan ugly thing
Aim: a cyan ugly thing (moderately wounded, chance to affect: 62%)
The cyan ugly thing's mind is blasted!
Aiming: Mindburst
Press: ? - help, Shift-Dir - straight line, f/p - cyan ugly thing
Aim: a cyan ugly thing (heavily wounded, chance to affect: 62%)
The cyan ugly thing resists with significant effort.
Aiming: Mindburst
Press: ? - help, Shift-Dir - straight line, f/p - cyan ugly thing
Aim: a cyan ugly thing (heavily wounded, chance to affect: 62%)
The cyan ugly thing resists with significant effort.
The cyan ugly thing tentacle-slaps you. The cyan ugly thing shocks you!
Aiming: Mindburst
Press: ? - help, Shift-Dir - straight line, f/p - cyan ugly thing
Aim: a cyan ugly thing (heavily wounded, chance to affect: 62%)
The cyan ugly thing's mind is blasted!
The cyan ugly thing tentacle-slaps you but does no damage.
Aiming: Mindburst
Press: ? - help, Shift-Dir - straight line, f/p - cyan ugly thing
Aim: a cyan ugly thing (severely wounded, chance to affect: 62%)
The cyan ugly thing resists with significant effort.
The cyan ugly thing tentacle-slaps you! The cyan ugly thing shocks you!
Unknown command.
You barely miss the cyan ugly thing.
The cyan ugly thing is severely wounded.
The cyan ugly thing tentacle-slaps you but does no damage.
You closely miss the cyan ugly thing.
The cyan ugly thing is severely wounded.
The cyan ugly thing tentacle-slaps you. The cyan ugly thing shocks you!
* * * LOW HITPOINT WARNING * * *
Aiming: Mindburst
Press: ? - help, Shift-Dir - straight line, f/p - cyan ugly thing
Aim: a cyan ugly thing (severely wounded, chance to affect: 62%)
The cyan ugly thing resists with significant effort.
The cyan ugly thing tentacle-slaps you!
* * * LOW HITPOINT WARNING * * *
The cyan ugly thing shocks you!
You die...

....
####.......).###.#
###.
######.######.#
#........#
########.# #.# #.#
#.#
#################.#
.......u@.........#
######..⌠.....####
#........#####
##⌠.>.⌠.......#
#.......#######
#...⌠...# #......##
#.###.## +. #.#


You could see a cyan ugly thing.

Vanquished Creatures
  Prince Ribbit (D:7)
  Grinder (D:6)
  Edmund (D:6)
  A water moccasin (D:3)
  A black bear (D:4)
  Duvessa (D:6)
  A necrophage (D:5)
  An orc warrior (D:7)
  A centaur (D:7)
  4 lemures (D:4)
  A kobold brigand (D:7)
  2 bullfrogs
  2 scorpions (D:4)
  A water moccasin zombie (D:3)
  Dowan (D:6)
  A howler monkey (D:6)
  A centaur zombie (D:7)
  2 bullfrog zombies (D:5)
  5 orc priests
  A hound (D:4)
  Crazy Yiuf (D:6)
  2 centaur skeletons
  6 iguanas
  4 orc wizards
  8 adders
  2 white imps (D:6)
  3 adder skeletons (D:4)
  3 worms
  A dart slug (D:4)
  32 orcs
  6 ball pythons
  7 bats
  3 endoplasms
  A giant cockroach (D:1)
  8 goblins
  7 hobgoblins
  8 jackals
  11 kobolds
  2 quokkas
  3 frilled lizards (D:1)
  10 rats
158 creatures vanquished.

Notes
Turn   | Place    | Note
-------+----------+-------------------------------------------
     0 | D:1      | Armakuni the Human Gladiator began the quest for the Orb.
     0 | D:1      | Reached XP level 1. HP: 16/16 MP: 1/1
   178 | D:1      | Reached XP level 2. HP: 22/22 MP: 2/2
   570 | D:1      | Reached XP level 3. HP: 26/28 MP: 3/3
  1040 | D:2      | Reached XP level 4. HP: 33/35 MP: 4/4
  1546 | D:2      | Reached XP level 5. HP: 39/41 MP: 5/5
  2222 | D:3      | Reached XP level 6. HP: 48/48 MP: 6/6
  2539 | D:3      | Reached skill level 5 in Staves
  2769 | D:3      | Noticed a water moccasin
  3174 | D:4      | Reached skill level 5 in Fighting
  3174 | D:4      | Reached XP level 7. HP: 52/56 MP: 7/7
  3942 | D:4      | Noticed Pikel
  4250 | D:3      | Gained mutation: Your spells are a little harder to cast,
                  | but a little more powerful. [potion of mutation]
  4250 | D:3      | Gained mutation: You are frail. (-10% HP) [potion of
                  | mutation]
  4250 | D:3      | Gained mutation: You are dopey. (Int -2) [potion of
                  | mutation]
  4250 | D:3      | Gained mutation: You possess an exceptional clarity of
                  | mind. [potion of mutation]
  4467 | D:4      | Reached XP level 8. HP: 56/57 MP: 8/8
  4989 | D:3      | Found a snail-covered altar of Cheibriados.
  4998 | D:3      | Found an ancient bone altar of Kikubaaqudgha.
  5122 | D:5      | Entered Level 5 of the Dungeon
  6293 | D:6      | Noticed Dowan
  6295 | D:6      | Noticed Duvessa
  6295 | D:6      | Noticed Prince Ribbit
  6318 | D:7      | Killed Prince Ribbit
  6319 | D:7      | Reached XP level 9. HP: 25/66 MP: 9/9
  6752 | D:6      | Killed Duvessa
  6905 | D:6      | Killed Dowan
  7023 | D:6      | Noticed Grinder
  7035 | D:6      | Killed Grinder
  7769 | D:6      | Found a runed translucent door.
  7770 | D:6      | Noticed Crazy Yiuf
  7779 | D:6      | Killed Crazy Yiuf
  7917 | D:6      | Noticed Edmund
  8144 | D:6      | Killed Edmund
  8145 | D:6      | Reached skill level 1 in Conjurations
  8145 | D:6      | Reached skill level 1 in Evocations
  8936 | D:7      | Found a staircase to the Ecumenical Temple.
  8949 | Temple   | Entered the Ecumenical Temple
  9064 | Temple   | Became a worshipper of Vehumet
  9165 | D:7      | Noticed a cyan ugly thing
  9175 | D:7      | Slain by a cyan ugly thing

Illustrated notes

Levels and vault maps discovered:
D:1:      dpeg_arrival_tiny_j, layout_loops_ring, hangedman_feature_mirror,
          grunt_decor_mini_mirrors
D:2:      layout_basic
D:3:      layout_basic, mainiacjoe_overflow_swirl
D:4:      layout_rooms, uniq_pikel
D:5:      layout_cave_pools, fountainhead
D:6:      layout_layer_cave, uniq_grinder, uniq_crazy_yiuf_cottage, uniq_edmund,
          uniq_duvessa, uniq_prince_ribbit1
D:7:      minmay_the_grid_octo_triangle [minmay_the_grid_octo_77,
          minmay_the_grid_octo_prize_single_spiral,
          minmay_the_grid_octo_clover], layout_loops_ring, zin_angel,
          temple_fountains, grunt_livestock
Temple:   minmay_crystal_spiral_temple

Skill      XL: |  1  2  3  4  5  6  7  8  9 |
---------------+----------------------------+-----
Fighting       | 3 4 5 6 7 8 |  8.4
Staves         | 4 5 6 8 |  8.7
Conjurations   | 2 |  2.9
Evocations     | 2 |  2.9
Throwing       | |  2.0
Dodging        | |  3.0

Action                   |  1- 3 |  4- 6 |  7- 9 || total
-------------------------+-------+-------+-------++-------
Melee: Quarterstaff      |   108 |   144 |   340 ||   592
       Dagger            |       |     7 |       ||     7
Throw: Throwing net      |     1 |     4 |       ||     5
       Boomerang         |       |       |     2 ||     2
Evoke: Wand              |       |       |     9 ||     9
  Use: Scroll            |       |     5 |    11 ||    16
       Potion            |       |     1 |     6 ||     7
 Stab: Sleeping          |     2 |       |       ||     2
       Held in net/web   |     1 |     2 |       ||     3
Armor: Leather armour    |    14 |       |       ||    14
       Ring mail         |    25 |    72 |   109 ||   206
       Scale mail        |       |       |    34 ||    34
Dodge: Dodged            |    77 |    60 |   153 ||   290

Table legend: (Time is in decaauts)
 A = Elapsed time spent in this place.
 B = Non-inter-level travel time spent in this place.
 C = Inter-level travel time spent in this place.
 D = Time resting spent in this place.
 E = Time spent auto-exploring this place.
 F = Levels seen in this place.
 G = Mean time per level.
                   A        B        C        D        E       F      G
               +--------+--------+--------+--------+--------+-----+--------+
         Total |   9177 |   8613 |    564 |   2430 |   4481 |   8 | 1147.1 |
       Dungeon |   8963 |   8482 |    481 |   2430 |   4370 |   7 | 1280.4 |
        Temple |    213 |    130 |     83 |      0 |    111 |   1 |  213.0 |
               +--------+--------+--------+--------+--------+-----+--------+

Top non-repeatable levels by time:
     D:3: 1966 daAuts
     D:6: 1604 daAuts
     D:5: 1396 daAuts
     D:2: 1215 daAuts
     D:4: 995 daAuts
     D:1: 974 daAuts
     D:7: 812 daAuts
  Temple: 213 daAuts
